 Dungeon Sprint DCSS version 0.30.1-9-gdf580d7c3d (webtiles) character file.

Game seed: 8958400388215212845

4129 Heoruswealwe the Impaler (level 10, -4/156 HPs)
             Began as a Minotaur Fighter on Oct 19, 2023.
             Was an Initiate of Gozag.
             Slain by an 11-headed hydra (10 damage)
             ... in the Dungeon (Sprint IX: "|||||||||||||||||||||||||||||").
             The game lasted 00:05:56 (913 turns).

Heoruswealwe the Impaler (Minotaur Fighter)          Turns: 913, Time: 00:05:57

Health: -4/156     AC: 16    Str: 28    XL:     10   Next: 6%
Magic:  9/9        EV:  9    Int:  5    God:    Gozag
Gold:   2023       SH:  0    Dex: 10    Spells: 9/9 levels left

rFire   . . .        b - +2 halberd (venom)
rCold   . . .        (shield currently unavailable)
rNeg    . . .        c - +0 chain mail
rPois   .            (helmet restricted)
rElec   .            (no cloak)
rCorr   .            f - +0 pair of gloves
SInv    .            e - +0 pair of boots
Will    .....        (no amulet) Stlth
                     k - +3 ring of strength
HPRegen 0.46/turn    (no ring)
MPRegen 0.11/turn

%: no teleportation
@: berserking, gold aura, very quick
A: horns 2, retaliatory headbutt
a: Renounce Religion, Potion Petition, Call Merchant, Bribe Branch


You were in the Dungeon.
You worshipped Gozag.
Gozag was most pleased with you.
You visited 1 branch You collected 2023 gold pieces.

Inventory:

Hand Weapons
 a - a +0 trident
 b - a +2 halberd of venom (weapon)
Armour
 c - a +0 chain mail (worn)
 d - a +0 buckler
 e - a +0 pair of boots (worn)
 f - a +0 pair of gloves (worn)
Jewellery
 k - a +3 ring of strength (left hand)
Wands
 h - a wand of acid (10)
Scrolls
 j - 2 scrolls of blinking
 p - 2 scrolls of identify
 q - 4 scrolls of enchant weapon
Potions
 g - a potion of haste
 i - a potion of berserk rage
 l - a potion of resistance
 m - 4 potions of curing
 n - a potion of might
 o - 4 potions of heal wounds


   Skills:
 + Level 14.5 Fighting
 * Level 19.5 Polearms
 + Level 14.5 Armour
 - Level 3.6 Shields


You had 9 spell levels left.
You didn't know any spells.
Your spell library was empty.

Dungeon Overview and Level Annotations

Branches:
Dungeon (1/1)

Altars:
Cheibriados
Dithmenos
Elyvilon
Fedhas
Gozag
Hepliaklqana
Kikubaaqudgha
Makhleb
Nemelex Xobeh
Okawaru
Qazlal
Ru
Sif Muna
Trog
Uskayaw
Vehumet
Wu Jian
Xom
Yredelemnul
Zin
The Shining One
Jiyva
Lugonu


Innate Abilities, Weirdness & Mutations

You have a pair of horns on your head.
You reflexively headbutt those who attack you in melee.


Message History

The eight-headed hydra is moderately wounded.
The water moccasin is distracted by your dazzling golden aura.
The eight-headed hydra is distracted by your dazzling golden aura.
You strike the helpless eight-headed hydra from behind!
You chop one of the eight-headed hydra's heads off!
The seven-headed hydra grows two more!
You slice the nine-headed hydra!!
The nine-headed hydra is no longer distracted by gold.
The water moccasin hisses angrily.
You headbutt the nine-headed hydra!
The nine-headed hydra is severely wounded.
The nine-headed hydra bites you!
The nine-headed hydra bites you but does no damage.
The nine-headed hydra barely misses you.
The nine-headed hydra bites you but does no damage. x3
The nine-headed hydra barely misses you. x2
The nine-headed hydra bites you.
You hack one of the nine-headed hydra's heads off!
The eight-headed hydra grows two more!
You hit the ten-headed hydra.
The ten-headed hydra is severely wounded.
A polar bear comes into view.
The polar bear growls angrily.
You lop one of the ten-headed hydra's heads off!
The nine-headed hydra grows two more!
You slash the 11-headed hydra!
The 11-headed hydra looks as sick as possible!
The 11-headed hydra is severely wounded.
The 11-headed hydra bites you! The 11-headed hydra bites you.
* * * LOW HITPOINT WARNING * * *
The 11-headed hydra bites you!
* * * LOW HITPOINT WARNING * * *
The 11-headed hydra bites you!
* * * LOW HITPOINT WARNING * * *
The 11-headed hydra barely misses you.
The 11-headed hydra bites you but does no damage.
The 11-headed hydra closely misses you.
The 11-headed hydra bites you but does no damage.
The 11-headed hydra bites you!
* * * LOW HITPOINT WARNING * * *
The 11-headed hydra bites you!
You die...
Your body crumbles into a pile of gold.

$ ▓.▓_▓
$
▓h▓.▓_▓
$
▓F▓.▓_▓
$
▓l▓.▓_▓
$
▓S▓.▓_▓
$
▓l▓.▓_▓
$
▓S▓.▓_▓
$
▓D▓.▓_▓
$
▓@▓.▓_▓
$
▓.▓.▓_▓
$
▓.▓.▓_▓
▓.▓.▓_▓
$
▓.▓.▓_▓
$
▓.▓.▓_▓
$
▓.▓.▓_▓
$
▓.▓.▓_▓
$
▓.▓.▓_▓


You could see a 11-headed hydra (extremely poisoned), a polar bear, a komodo
dragon, a cane toad, a basilisk and 2 water moccasins.

Vanquished Creatures
  A two-headed ogre (D)
  A cane toad (D)
  A tengu conjurer (D)
  2 komodo dragons (D)
  2 trolls (D)
  2 polar bears (D)
  A blink frog (D)
  A slime creature (D)
  A shadow (D)
  2 wyverns (D)
  2 yaks (D)
  An acid dragon (D)
  A water moccasin (D)
  An ice beast (D)
  A centaur (D)
  A kobold brigand (D)
  2 bullfrogs (D)
  An orc wizard (D)
  An adder (D)
  3 orcs (D)
  2 endoplasms (D)
  A giant cockroach (D)
  A frilled lizard (D)
  A rat (D)
33 creatures vanquished.

Notes
Turn   | Place    | Note
-------+----------+-------------------------------------------
     0 | D        | Heoruswealwe the Minotaur Fighter began the quest for the
                  | Orb.
     0 | D        | Reached XP level 1. HP: 19/19 MP: 0/0
     8 | D        | Reached skill level 3 in Polearms
    18 | D        | Noticed an ice beast
    22 | D        | Reached skill level 4 in Polearms
    26 | D        | Reached XP level 2. HP: 25/28 MP: 1/1
    38 | D        | Reached skill level 5 in Polearms
    49 | D        | Killed an ice beast
    50 | D        | Reached skill level 8 in Polearms
    50 | D        | Reached XP level 3. HP: 21/38 MP: 2/2
    50 | D        | Reached XP level 4. HP: 25/45 MP: 3/3
   136 | D        | Found a snail-covered altar of Cheibriados.
   136 | D        | Found a shadowy altar of Dithmenos.
   136 | D        | Found a white marble altar of Elyvilon.
   136 | D        | Found a blossoming altar of Fedhas.
   136 | D        | Found an opulent altar of Gozag.
   137 | D        | Found a hazy altar of Hepliaklqana.
   138 | D        | Found a viscous altar of Jiyva.
   139 | D        | Found an ancient bone altar of Kikubaaqudgha.
   140 | D        | Found a corrupted altar of Lugonu.
   141 | D        | Found a burning altar of Makhleb.
   142 | D        | Found a sparkling altar of Nemelex Xobeh.
   143 | D        | Found an iron altar of Okawaru.
   144 | D        | Became a worshipper of Gozag Ym Sagoz the Greedy
   145 | D        | Found a stormy altar of Qazlal.
   146 | D        | Found a sacrificial altar of Ru.
   147 | D        | Found a shimmering blue altar of Sif Muna.
   148 | D        | Found a bloodstained altar of Trog.
   149 | D        | Found a hide-covered altar of Uskayaw.
   150 | D        | Found a radiant altar of Vehumet.
   151 | D        | Found an ornate altar of the Wu Jian Council.
   152 | D        | Found a shimmering altar of Xom.
   153 | D        | Found a basalt altar of Yredelemnul.
   154 | D        | Found a glowing silver altar of Zin.
   155 | D        | Found a glowing golden altar of the Shining One.
   214 | D        | Noticed a wyvern
   214 | D        | Noticed a troll
   214 | D        | Noticed a kobold brigand
   214 | D        | Noticed a shadow
   214 | D        | Noticed a centaur
   219 | D        | Killed a centaur
   220 | D        | Reached skill level 9 in Polearms
   220 | D        | Reached XP level 5. HP: 14/52 MP: 4/4
   228 | D        | HP: 1/52 [something (23)]
   230 | D        | Killed a shadow
   231 | D        | Reached skill level 11 in Polearms
   231 | D        | Reached XP level 6. HP: 23/62 MP: 5/5
   242 | D        | Reached skill level 12 in Polearms
   243 | D        | Killed a troll
   244 | D        | Reached skill level 10 in Fighting
   244 | D        | Reached skill level 13 in Polearms
   244 | D        | Reached skill level 10 in Armour
   244 | D        | Reached XP level 7. HP: 33/72 MP: 6/6
   250 | D        | Killed a wyvern
   251 | D        | Reached skill level 14 in Polearms
   393 | D        | Noticed a slime creature
   393 | D        | Noticed a tengu conjurer
   393 | D        | Noticed a troll
   393 | D        | Noticed a komodo dragon
   393 | D        | Noticed a two-headed ogre
   399 | D        | Killed a two-headed ogre
   400 | D        | Reached skill level 15 in Polearms
   400 | D        | Reached XP level 8. HP: 30/83 MP: 7/7
   407 | D        | Killed a komodo dragon
   408 | D        | Reached skill level 16 in Polearms
   411 | D        | Killed a troll
   414 | D        | Killed a tengu conjurer
   415 | D        | Reached skill level 17 in Polearms
   415 | D        | Reached XP level 9. HP: 9/92 MP: 8/8
   760 | D        | Noticed a cane toad
   760 | D        | Noticed a polar bear
   762 | D        | Killed a polar bear
   765 | D        | Reached skill level 18 in Polearms
   776 | D        | Killed a cane toad
   794 | D        | Reached skill level 19 in Polearms
   894 | D        | Noticed a komodo dragon
   894 | D        | Noticed a seven-headed hydra
   894 | D        | Noticed a komodo dragon
   894 | D        | Noticed a polar bear
   901 | D        | Killed a polar bear
   902 | D        | Reached XP level 10. HP: 100/104 MP: 9/9
   903 | D        | Noticed a cane toad
   913 | D        | HP: 6/156 [11-headed hydra (11)]
   913 | D        | Slain by an 11-headed hydra

Illustrated notes

Levels and vault maps discovered:
D:        linesprint [early_d, line_temple, items_1, d_10, items_2, lair_1,
          lair_end, items_3, orc_1, orc_end, items_4, d_15, swamp_1, shoals_1,
          snake_1, spider_1, d_20, vaults_1, items_5, swamp_end, shoals_end,
          snake_end, spider_end, vaults_end, d_27, items_6, zot_1, zot_end,
          crypt_end, forest_end, elf_end, slime_end, tomb_end, abyss_end,
          pan_hell_end]

Skill      XL: |  1  2  3  4  5  6  7  8  9 |
---------------+----------------------------+-----
Polearms       | 4 8 9 11 13 15 17 19 | 19.5
Fighting       | 4 6 7 8 10 11 12 14 | 14.5
Armour         | 4 6 7 8 10 11 12 14 | 14.5
Shields        | |  3.6

Action                     |  1- 3 |  4- 6 |  7- 9 | 10-12 || total
---------------------------+-------+-------+-------+-------++-------
  Melee: Trident           |    37 |     2 |       |       ||    39
         Headbutt          |     2 |     3 |    15 |     2 ||    22
         Halberd           |       |    25 |    72 |    11 ||   108
    Use: Potion            |     1 |     3 |     1 |     1 ||     6
   Stab: Distracted        |       |       |     1 |     1 ||     2
 Armour: Scale mail        |    13 |       |       |       ||    13
         Chain mail        |       |    13 |    22 |     8 ||    43
  Dodge: Dodged            |    12 |     7 |    18 |     8 ||    45
  Block: Buckler           |     6 |       |       |       ||     6
